 Dungeon Crawl Stone Soup version 0.28.0-45-g0d030f2227 (webtiles) character file.

Game seed: 8185955207501192587

230 seaoflcl the Covered (level 6, -3/47 HPs)
             Began as a Human Fighter on Apr 10, 2022.
             Was a Believer of the Shining One.
             Slain by Pikel
             ... wielding a +1 whip of flaming
              (4 damage)
             ... on level 2 of the Dungeon.
             The game lasted 00:11:09 (4198 turns).

seaoflcl the Covered (Human Fighter)                Turns: 4198, Time: 00:11:11

Health: -3/47      AC:  8    Str: 18    XL:     6   Next: 24%
Magic:  4/6        EV:  5    Int:  9    God:    the Shining One [**....]
Gold:   143        SH: 18    Dex: 12    Spells: 5/5 levels left

rFire   . . .      SeeInvis .   w - +0 trident (vorpal)
rCold   . . .      Faith    .   x - +0 tower shield
rNeg    + . .      Spirit   .   b - +0 scale mail
rPois   .          Reflect  .   n - +0 helmet
rElec   .          Harm     .   (no cloak)
rCorr   .          Rampage  .   (no gloves)
Will    .....                   (no boots)
Stlth   ..........              (no amulet)
HPRegen 0.15/turn               e - ring of flight
MPRegen 0.10/turn               (no ring)

@: divinely shielded, flying, glowing
A: no striking features
a: Renounce Religion, Divine Shield


You were on level 2 of the Dungeon.
You worshipped the Shining One.
The Shining One was pleased with you.
You visited 1 branch of the dungeon, and saw 4 of its levels.

You collected 143 gold pieces.

Inventory:

Hand Weapons
 a - a +0 long sword
 r - a +0 hunting sling of freezing
 w - a +0 vorpal trident (weapon)
Missiles
 m - 32 sling bullets
Armour
 b - a +0 scale mail (worn)
 c - a +0 buckler
 n - a +0 helmet (worn)
 x - a +0 tower shield (worn)
Jewellery
 e - a ring of flight (left hand)
Scrolls
 g - 2 scrolls of blinking
 k - a scroll of fear {unknown}
 l - a scroll of enchant armour {unknown}
 s - a scroll of magic mapping {unknown}
 u - a scroll of teleportation {unknown}
Potions
 h - a potion of haste
 i - a potion of flight
 j - 3 potions of lignification
 p - 2 potions of berserk rage
 q - a potion of heal wounds {unknown}
 t - a potion of magic {unknown}
 v - a potion of attraction {unknown}


   Skills:
 + Level 3.4 Fighting
 + Level 4.2 Long Blades
 + Level 0.9 Polearms
 + Level 0.1 Slings
 + Level 4.4 Armour
 + Level 0.3 Dodging
 + Level 0.1 Stealth
 + Level 3.3 Shields


You had 5 spell levels left.
You didn't know any spells.
Your spell library contained the following spells:

 Spells                   Type           Power      Damage    Failure   Level
 Apportation              Tloc           0%         N/A       100%        1
 Fireball                 Conj/Fire      0%         3d3       100%        5
 Starburst                Conj/Fire      0%         6d3       100%        6
 Ignition                 Fire           0%         3d3       100%        8


Dungeon Overview and Level Annotations

Branches:
Dungeon (4/15)
 Temple: D:4-7

Altars:
Fedhas
Kikubaaqudgha
Sif Muna
Vehumet
Xom
The Shining One

Annotations:
D:2 Pikel


Message History

You block the lemure's attack. The lemure hits you but does no damage.
You block the lemure's attack. You block the lemure's attack.
Pikel cracks his whip.
You block the lemure's attack. The lemure hits you but does no damage.
Pikel cracks his whip.
You block the lemure's attack.
You feel yourself speed up.
You see here 11 arrows.
You recover from your berserk rage.
Pikel says, "You'll make a fine lemure."
Your shield is strengthened by the Shining One's divine power.
Pikel hits you with a +1 whip of flaming.
* * * LOW HITPOINT WARNING * * *
Pikel burns you.
* * * LOW HITPOINT WARNING * * *
You closely miss Pikel.
Pikel is severely wounded.
You block Pikel's attack.
Unknown command.
There is a stone staircase leading up here.
Pikel hits you with a +1 whip of flaming.
* * * LOW HITPOINT WARNING * * *
Pikel burns you.
* * * LOW HITPOINT WARNING * * *
You fly upwards.
There is a stone staircase leading down here.
It was a potion of curing.
You feel better. You block Pikel's attack.
You barely miss Pikel.
Pikel is heavily wounded.
You block Pikel's attack. x2
You hit Pikel but do no damage.
Pikel is heavily wounded.
You block Pikel's attack.
Pikel hits you with a +1 whip of flaming!
* * * LOW HITPOINT WARNING * * *
Pikel burns you.
You die...

......#.#####.#.........#.#
......#.........#.####..#.#
..#########.....#...##..#.#
................###.##..#.#
..#########....)....##..#.#
..# ############..#.# #.#
#..#.#
#.####################..#.#
...............K@....#..#.#
[..[..######.#####[###..#.#
.................(.# #..#.#
#.###.######.#########..#.#
.<.##..# #.# #........#.#
...###.## #.# #.######.#.#
...# #..# #.# #.# #.#.#
...#
##.####.###.######.#.#####
#.##
#..##..........##.#.....#


You could see Pikel.

Vanquished Creatures
  2 lemures (D:4)
  A bullfrog skeleton (D:4)
  Natasha (thrice) (D:3)
  5 adders
  An adder skeleton (D:4)
  3 worms
  3 dart slugs
  5 bats
  4 endoplasms
  4 giant cockroaches
  6 hobgoblins
  3 jackals (D:2)
  3 kobolds
  6 quokkas
  6 ball pythons
  4 frilled lizards
  4 goblins
  6 rats
69 creatures vanquished.

Notes
Turn   | Place    | Note
-------+----------+-------------------------------------------
     0 | D:1      | seaoflcl the Human Fighter began the quest for the Orb.
     0 | D:1      | Reached XP level 1. HP: 18/18 MP: 1/1
   191 | D:1      | Reached XP level 2. HP: 20/24 MP: 2/2
   927 | D:1      | Reached XP level 3. HP: 24/29 MP: 3/3
   997 | D:1      | Found a faded altar of an unknown god.
  1010 | D:1      | Prayed at the altar of an unknown god.
  1010 | D:1      | Became a worshipper of the Shining One
  1010 | D:1      | Reached * piety under the Shining One
  1719 | D:2      | You fall into a shaft and drop 2 floors!
  1758 | D:3      | Reached XP level 4. HP: 31/35 MP: 4/4
  1861 | D:3      | Found Higaok's Armour Emporium.
  1902 | D:3      | Noticed Natasha
  1909 | D:3      | Killed Natasha
  1917 | D:3      | Noticed Natasha
  1924 | D:3      | Killed Natasha
  1925 | D:3      | Reached XP level 5. HP: 32/41 MP: 5/5
  1945 | D:3      | Found a shimmering altar of Xom.
  1992 | D:3      | Noticed Natasha
  1999 | D:3      | Killed Natasha
  2047 | D:3      | Reached ** piety under the Shining One
  2126 | D:3      | Found a radiant altar of Vehumet.
  2126 | D:3      | Found an ancient bone altar of Kikubaaqudgha.
  2128 | D:3      | Found a shimmering blue altar of Sif Muna.
  2135 | D:3      | Got Sif Muna's Grimoire of Translocation
  2195 | D:3      | Found a blossoming altar of Fedhas.
  3299 | D:4      | Reached XP level 6. HP: 41/47 MP: 6/6
  3722 | D:4      | Noticed Pikel
  4128 | D:3      | HP: 3/70 [Pikel/+1 whip of flaming (6)]
  4137 | D:3      | HP: 2/47 [Pikel/+1 whip of flaming (1)]
  4137 | D:3      | The Shining One protects you from harm!
  4198 | D:2      | HP: 1/47 [Pikel/+1 whip of flaming (8)]
  4198 | D:2      | Slain by Pikel

Illustrated notes

Levels and vault maps discovered:
D:1:      amcnicky_arrival_single_pillar, layout_basic,
          hellmonk_ecumenical_altar_heavens_door, minmay_tetromino_i4
D:2:      layout_basic
D:3:      layout_rooms, grunt_temple_overflow_magic_moments,
          mainiacjoe_overflow_small_starburst,
          mainiacjoe_overflow_six_doors_small, serial_shops, shop,
          minmay_checkerbox, uniq_natasha
D:4:      layout_loops_ring, uniq_pikel

Skill      XL: |  1  2  3  4  5 |
---------------+----------------+-----
Long Blades    | 3 4 |  4.2
Armour         | 4 |  4.4
Fighting       | |  3.4
Polearms       | |  0.9
Slings         | |  0.1
Dodging        | |  0.3
Stealth        | |  0.1
Shields        | |  3.3

Action                   |  1- 3 |  4- 6 || total
-------------------------+-------+-------++-------
Melee: Long sword        |    97 |    58 ||   155
       Trident           |       |    69 ||    69
       Hunting sling     |       |     1 ||     1
 Fire: Hunting sling     |       |     4 ||     4
Invok: Divine Shield     |       |     1 ||     1
  Use: Scroll            |       |     6 ||     6
       Potion            |       |     3 ||     3
Armor: Scale mail        |    58 |    68 ||   126
Dodge: Dodged            |    53 |    47 ||   100
Block: Buckler           |    22 |    14 ||    36
       Tower shield      |       |    65 ||    65
